 Dungeon Crawl Stone Soup version 0.31-a0-319-g4fced400ed (webtiles) character file.

Game seed: 14918495319492073672

9815 Newt the Basher (level 11, -9/115 HPs)
             Began as a Demonspawn Gladiator on July 17, 2023.
             Was a Priest of Hepliaklqana.
             Mangled by a wight
             ... wielding a +0 great sword of electrocution
              (14 damage)
             ... on level 10 of the Dungeon.
             The game lasted 00:17:19 (12075 turns).

Newt the Basher (Demonspawn Gladiator)             Turns: 12075, Time: 00:17:20

Health: -9/115     AC: 174   Str: 19    XL:     11   Next: 28%
Magic:  26/26      EV:  2    Int:  9    God:    Hepliaklqana [***...]
Gold:   427        SH:  0    Dex: 15    Spells: 10/10 levels left

rFire   . . .        w - +1 demon whip (venom)
rCold   . . .        (no shield)
rNeg    . . .        Q - melded +4 chain mail {Will+}
rPois   +            U - melded +1 helmet {SInv}
rElec   .            J - melded +1 cloak
rCorr   +            P - melded +2 pair of gloves
SInv    .            n - melded +0 pair of boots
Will    .....        R - amulet of the acrobat
Stlth   +            i - ring of resist corrosion
HPRegen 0.39/turn    q - ring of magical power
MPRegen 0.20/turn

%: acrobat
@: tree-form, hasted, studying Air Magic, invisible, very quick
A: stationary, stasis, torment immunity, boosted hp, reduced essence, (hooves
1), (thin metallic scales 2), demonic guardian 1, foul stench 1
a: Renounce Religion, Recall Ancestor, Ancestor Identity, Transference


You were on level 10 of the Dungeon.
You worshipped Hepliaklqana.
Hepliaklqana was most pleased with you.
You were a tree.
You visited 2 branches of the dungeon, and saw 11 of its levels.
You also visited: Bailey.

You collected 787 gold pieces.
You spent 360 gold pieces at shops.

Inventory:

Hand Weapons
 a - a +0 rapier
 e - a +2 dagger of venom
 o - a +1 whip of electrocution
 t - a +1 spear of venom
 w - a +1 demon whip of venom (weapon)
Missiles
 d - 2 throwing nets
 g - 4 javelins
 m - 14 poisoned darts
 K - 15 boomerangs
 N - 8 datura-tipped darts
Armour
 b - a +0 leather armour
 c - a +1 helmet
 h - a scarf of harm
 n - a +0 pair of boots (melded)
 r - a scarf of repulsion
 F - a +2 helmet
 H - +0 steam dragon scales
 J - a +1 cloak (melded)
 O - a +4 plate armour of cold resistance
 P - a +2 pair of gloves (melded)
 Q - a +4 chain mail of willpower (melded)
 U - a +1 helmet of see invisible (melded)
 V - a +0 troll leather armour
Jewellery
 i - a ring of resist corrosion (left branch)
 q - a ring of magical power (right branch)
 u - an amulet of faith
 z - a ring of wizardry
 G - a ring of flight
 R - an amulet of the acrobat (around neck)
Wands
 s - a wand of flame (11) (quivered)
 y - a wand of paralysis (35)
 A - a wand of digging (6)
 B - a wand of polymorph (12)
Scrolls
 T - a scroll of brand weapon
Potions
 f - 3 potions of attraction
 j - a potion of mutation
 k - 2 potions of curing
 l - 3 potions of enlightenment
 p - 2 potions of cancellation
 C - 3 potions of heal wounds
 I - a potion of ambrosia
 S - a potion of degeneration
Miscellaneous
 L - a condenser vane
 M - a lightning rod (4/4)


   Skills:
 - Level 8.0 Fighting
 - Level 2.6 Short Blades
 - Level 9.0 Maces & Flails
 - Level 1.7 Throwing
 - Level 6.0 Armour
 - Level 4.0 Dodging
 + Level 8.6 Invocations
 - Level 8.0 Evocations


You had 10 spell levels left.
You didn't know any spells.
Your spell library contained the following spells:

 Spells                   Type           Power      Damage    Failure   Level
 Apportation              Tloc           0%         N/A       38%         1
 Kiss of Death            Conj/Necr      0%         2d5       38%         1
 Necrotise                Necr           0%         1d4       38%         1
 Slow                     Hex            0%         N/A       38%         1
 Summon Small Mammal      Summ           0%         N/A       38%         1
 Poisonous Vapours        Pois/Air       0%         N/A       52%         2
 Wereblood                Tmut           0%         N/A       52%         2
 Confusing Touch          Hex            0%         N/A       77%         3
 Mephitic Cloud           Conj/Pois/Air  0%         N/A       77%         3
 Vampiric Draining        Necr           0%         2d6       77%         3
 Cause Fear               Hex            0%         N/A       99%         4
 Dispel Undead            Necr           0%         3d6       99%         4
 Fireball                 Conj/Fire      0%         3d3       100%        5
 Freezing Cloud           Conj/Ice/Air   0%         6-21      100%        5
 Irradiate                Conj/Tmut      0%         3d11      100%        5
 Dragon's Call            Summ           0%         N/A       100%        9


Dungeon Overview and Level Annotations

Branches:
Dungeon (10/15)            Temple (1/1) D:5            Lair (0/5) D:8
    Orc (0/2) D:10         Bailey (visited)

Altars:
Ashenzari
Cheibriados
Dithmenos
Fedhas
Gozag
Hepliaklqana
Kikubaaqudgha
Makhleb
Nemelex Xobeh
Okawaru
Qazlal
Ru
Sif Muna
Trog
Uskayaw
Vehumet
Wu Jian
Xom
Yredelemnul

Shops:
D:2 [


Innate Abilities, Weirdness & Mutations

You are a tree.
Your roots penetrate the ground, keeping you stationary.
You cannot be teleported.
You are immune to unholy pain and torment.
Your maximum health is greatly increased.
Your equipment is partially melded.
Your life essence is reduced to manifest your ancestor. (-10% HP)
((You have large cloven feet.))
((You are mostly covered in thin metallic scales. (AC +3)))
A weak demonic guardian rushes to your aid.
You may rarely emit foul miasma when damaged in melee.


Message History

The orc closely misses you. The gnoll closely misses you.
The wight hits you but does no damage.
Unknown command.
You hit the wight but do no damage.
The wight is moderately damaged.
The vampire mosquito bites you.
* * * LOW HITPOINT WARNING * * *
The vampire mosquito draws strength from your injuries!
Unknown command.
You hit the wight.
The wight is heavily damaged.
The gnoll hits you from afar with a +0 spear.
* * * LOW HITPOINT WARNING * * *
The orc barely misses you. The wight closely misses you.
The vampire mosquito barely misses you.
Unknown command.
Really quaff the potion of lignification?
You turn into a tree.
Your +1 cloak melds into your body.
Your +1 helmet of see invisible melds into your body.
Your +2 pair of gloves melds into your body.
Your +0 pair of boots melds into your body.
Your +4 chain mail of willpower melds into your body.
You feel less perceptive.
You feel less strong-willed.
Your roots penetrate the ground.
The vampire mosquito bites you but does no damage.
The gnoll hits you but does no damage. The wight hits you but does no damage.
The orc hits you but does no damage.
The vampire mosquito bites you but does no damage.
You feel yourself speed up.
The vampire mosquito bites you but does no damage.
The orc hits you but does no damage. The wight hits you but does no damage.
You are electrocuted!
* * * LOW HITPOINT WARNING * * *
A demonic guardian appears!
The vampire mosquito bites you but does no damage.
You fade into invisibility!
The vampire mosquito bites you but does no damage.
The gnoll hits you but does no damage. The wight hits you but does no damage.
You are electrocuted!
You die...

#... #.. .... #.. #.
. #.. .### #.. ....
#.. ###..#### #..
#zz..z.?. ### #o#
... .. ##♣# .... #.
#zy#.# .##. #5yg.#
... #.##Y#.###..##
#.##g..#.. ..# #.#
#..#.###.#
##.###....#...#
#.#.......#..##
##R######.....######


You could see a yak (unable to see you), 2 vampire mosquitoes, 3 wights, 2
gnolls, an orc (unable to see you) and a friendly iron imp (summoned).

Vanquished Creatures
  A hydra (D:10)
  Erica (D:10)
  A two-headed ogre (D:10)
  Amaemon (D:8)
  An ugly thing (D:10)
  Joseph (D:8)
  Maurice (D:8)
  2 trolls
  A hornet (D:10)
  Sigmund (D:2)
  2 shadows (D:10)
  5 yaks (D:8)
  Grum (D:8)
  A vampire mosquito (D:10)
  3 steam dragons
  Duvessa (D:7)
  2 orc warriors (Bailey)
  3 water moccasins
  5 black bears
  An ogre (D:5)
  2 centaurs
  A wolf (D:7)
  2 kobold brigands (Bailey)
  3 bullfrogs
  2 gnoll sergeants
  3 scorpions
  Dowan (D:7)
  6 wights
  An electric eel (D:6)
  3 howler monkeys (D:10)
  4 orc priests
  A jelly (D:7)
  Crazy Yiuf (D:3)
  3 gnoll boudas
  2 hounds
  2 iguanas
  3 orc wizards
  Robin (D:2)
  17 gnolls
  4 adders
  A shadow imp (D:7)
  3 white imps
  3 ufetubi
  3 worms
  3 dart slugs
  17 orcs
  6 endoplasms
  A giant cockroach (D:1)
  17 goblins
  5 hobgoblins
  9 jackals
  2 quokkas (D:4)
  7 ball pythons
  8 bats
  5 frilled lizards
  13 kobolds
  8 rats
208 creatures vanquished.

Vanquished Creatures (collateral kills)
  An orange demon (D:8)
  A wolf (D:7)
  2 kobold brigands (Bailey)
  A wight (D:8)
  An orc wizard (D:7)
  8 gnolls
  An orc (D:6)
  6 kobolds (Bailey)
21 creatures vanquished.

Vanquished Creatures (others)
  2 hexers (D:10)
  4 ancestors
6 creatures vanquished.

Grand Total: 235 creatures vanquished

Notes
Turn   | Place    | Note
-------+----------+-------------------------------------------
     0 | D:1      | Newt the Demonspawn Gladiator began the quest for the Orb.
     0 | D:1      | Reached XP level 1. HP: 16/16 MP: 1/1
    60 | D:1      | Gained mutation: You are partially covered in thin metallic
                  | scales. (AC +2) [demonic ancestry]
    60 | D:1      | Reached XP level 2. HP: 22/23 MP: 2/2
   540 | D:1      | Gained mutation: You are mostly covered in thin metallic
                  | scales. (AC +3) [demonic ancestry]
   540 | D:1      | Reached XP level 3. HP: 29/29 MP: 3/3
  1043 | D:2      | Noticed Robin
  1071 | D:2      | Killed Robin
  1445 | D:2      | Reached XP level 4. HP: 37/37 MP: 4/4
  1530 | D:2      | HP: 1/37 [gnoll/+0 spear (4)]
  2275 | D:2      | Found Kirrameymn's Antique Armour Shoppe.
  2367 | D:2      | Noticed Sigmund
  2377 | D:2      | Killed Sigmund
  2378 | D:2      | Reached skill level 3 in Maces & Flails
  2378 | D:2      | Gained mutation: You may rarely emit foul miasma when
                  | damaged in melee. [demonic ancestry]
  2378 | D:2      | Reached XP level 5. HP: 42/42 MP: 5/5
  2378 | D:2      | Gained mutation: A weak demonic guardian rushes to your
                  | aid. [demonic ancestry]
  2378 | D:2      | Reached XP level 6. HP: 48/48 MP: 6/6
  2628 | D:3      | Found a radiant altar of Vehumet.
  2922 | D:3      | Found a runed translucent door.
  2923 | D:3      | Noticed Crazy Yiuf
  3327 | D:3      | Killed Crazy Yiuf
  3442 | D:4      | Found a stormy altar of Qazlal.
  3450 | D:4      | Reached skill level 4 in Maces & Flails
  3488 | D:4      | Found a broken altar of Ashenzari.
  3523 | D:4      | Noticed a water moccasin
  3533 | D:4      | Killed a water moccasin
  3592 | D:4      | Reached skill level 5 in Maces & Flails
  3592 | D:4      | Gained mutation: You have large cloven feet. [demonic
                  | ancestry]
  3592 | D:4      | Reached XP level 7. HP: 54/54 MP: 7/7
  4119 | D:4      | Found a shadowy altar of Dithmenos.
  4344 | D:5      | Entered Level 5 of the Dungeon
  4412 | D:5      | Reached skill level 6 in Maces & Flails
  4521 | D:5      | Found a staircase to the Ecumenical Temple.
  4549 | Temple   | Entered the Ecumenical Temple
  4582 | Temple   | Became a worshipper of Hepliaklqana the Forgotten
  4739 | D:5      | Reached skill level 5 in Fighting
  4910 | D:5      | Reached XP level 8. HP: 63/64 MP: 8/8
  4954 | D:5      | Reached skill level 1 in Evocations
  5207 | D:6      | Noticed a troll
  5231 | D:5      | Killed a troll
  5752 | D:6      | Reached skill level 5 in Evocations
  5752 | D:6      | Reached skill level 1 in Armour
  6155 | D:6      | Found a blossoming altar of Fedhas.
  6276 | D:6      | Reached * piety under Hepliaklqana
  6493 | D:7      | Noticed Dowan
  6494 | D:7      | Noticed Duvessa
  6518 | D:7      | Killed Duvessa
  6528 | D:7      | Reached XP level 9. HP: 22/62 MP: 9/9
  6532 | D:7      | Killed Dowan
  6853 | D:7      | Reached skill level 7 in Maces & Flails
  7593 | D:7      | Reached skill level 8 in Maces & Flails
  8161 | D:8      | Noticed Grum
  8161 | D:8      | Noticed Amaemon
  8161 | D:8      | Noticed an orange demon
  8184 | D:7      | Reached skill level 9 in Maces & Flails
  8437 | D:8      | Found a staircase to the Lair.
  8512 | D:8      | Found a shimmering altar of Xom.
  8514 | D:8      | Found a shimmering altar of Xom.
  8514 | D:8      | Found a shimmering altar of Xom.
  8573 | D:8      | Killed an orange demon
  8579 | D:8      | Killed Amaemon
  8580 | D:8      | Reached XP level 10. HP: 22/68 MP: 10/10
  8605 | D:8      | Noticed Maurice
  8610 | D:8      | Noticed Joseph
  8621 | D:8      | Paralysed by Maurice for 2 turns
  8635 | D:8      | Killed Joseph
  8653 | D:8      | Paralysed by Maurice for 3 turns
  8665 | D:8      | Killed Maurice
  8800 | D:8      | Identified the +2 arbalest of the Undead {flame, rElec MP-9
                  | Str+3}
  8811 | D:8      | Killed Grum
  9229 | D:8      | Reached ** piety under Hepliaklqana
  9229 | D:8      | Found a burning altar of Makhleb.
  9230 | D:8      | Remembered your ancestor Lucia as a hexer
  9762 | D:9      | Found a flagged portal.
  9776 | Bailey   | Entered a bailey
 10048 | Bailey   | Found a bloodstained altar of Trog.
 10311 | D:2      | Bought a pair of runed gloves for 180 gold pieces
 10555 | D:2      | Bought a shiny chain mail for 180 gold pieces
 11145 | D:9      | Reached *** piety under Hepliaklqana
 11402 | D:10     | Entered Level 10 of the Dungeon
 11402 | D:10     | Noticed Erica
 11406 | D:10     | Paralysed by Erica for 2 turns
 11415 | D:10     | Killed Erica
 11519 | D:10     | Found a sacrificial altar of Ru.
 11519 | D:10     | Found an ancient bone altar of Kikubaaqudgha.
 11520 | D:10     | Found an opulent altar of Gozag.
 11543 | D:10     | Noticed a green ugly thing
 11560 | D:10     | Killed a green ugly thing
 11561 | D:10     | Reached XP level 11. HP: 77/77 MP: 14/14
 11604 | D:10     | Reached skill level 5 in Invocations
 11645 | D:10     | Noticed a four-headed hydra
 11654 | D:10     | Killed a four-headed hydra
 11965 | D:10     | Found a staircase to the Orcish Mines.
 12016 | D:10     | Noticed a two-headed ogre
 12054 | D:10     | Killed a two-headed ogre
 12074 | D:10     | HP: 5/115 [wight/+0 great sword of electrocution (15)]
 12075 | D:10     | Mangled by a wight

Illustrated notes

Levels and vault maps discovered:
D:1:      dpeg_arrival_shelter, layout_basic, minmay_tromino_v7
D:2:      layout_loops_ring, serial_shops, shop, corexii_hall_statues_t,
          uniq_robin, uniq_sigmund
D:3:      layout_loops_cross, mainiacjoe_overflow_cross_hatched,
          chequers_serial_rivers_marsh, uniq_crazy_yiuf_cottage
D:4:      layout_gridville, grunt_dithmenos_smoke, lemuel_crystal_altar,
          nicolae_qazlal_general_emergency
D:5:      layout_gridville, minmay_temple_entry_waves
D:6:      layout_cave_pools, fedhas_altar_decomposition, kennysheep_small_spiral
D:7:      layout_layer_cave, uniq_duvessa
D:8:      layout_basic, xom_redecorated, bloody_makhleb, dpeg_oklobed_lair,
          uniq_grum, uniq_maurice, uniq_amaemon, uniq_joseph
D:9:      layout_grid_maze, enter_bailey_3, bh_walls_and_bars
D:10:     minmay_wavy_crystal, layout_loops_ring,
          nicolae_overflow_hidden_temple, orc_0_dummy, grunt_ministairs_15,
          chequers_hall_statues_wall_a, hangedman_abyss_or_decor_stabs,
          uniq_erica
Temple:   chequers_temple_sunken

Skill      XL: |  1  2  3  4  5  6  7  8  9 10 11 |
---------------+----------------------------------+-----
Fighting       | 3 4 5 6 8 |  8.0
Dodging        | 3 4 |  4.0
Maces & Flails | 3 5 6 9 |  9.0
Evocations     | 5 8 |  8.0
Armour         | 3 6 |  6.0
Invocations    | 4 8 |  8.6
Short Blades   | |  2.6
Throwing       | |  1.7

Action                     |  1- 3 |  4- 6 |  7- 9 | 10-12 || total
---------------------------+-------+-------+-------+-------++-------
  Melee: Rapier            |   138 |       |       |       ||   138
         Punch             |     2 |     3 |     6 |     4 ||    15
         Dagger            |     4 |    20 |       |       ||    24
         Whip              |       |   106 |   337 |       ||   443
         Demon whip        |       |       |       |   231 ||   231
  Throw: Throwing net      |     1 |     1 |     4 |       ||     6
         Javelin           |     1 |       |     8 |       ||     9
         Dart              |       |       |    22 |       ||    22
 Invoke: Recall Ancestor   |       |       |     1 |     1 ||     2
         Ancestor Life: He |       |       |       |     1 ||     1
  Evoke: Wand              |       |       |     2 |     6 ||     8
    Use: Scroll            |     3 |     5 |     7 |     4 ||    19
         Potion            |       |       |     5 |     3 ||     8
   Stab: Held in net/web   |     1 |       |     1 |       ||     2
         Sleeping          |       |     2 |       |       ||     2
         Distracted        |       |       |     1 |     3 ||     4
         Paralysed         |       |       |       |     3 ||     3
         Confused          |       |       |       |     1 ||     1
 Armour: Leather armour    |    65 |    64 |   122 |       ||   251
         Steam dragon scal |       |       |    33 |    32 ||    65
         Chain mail        |       |       |       |    68 ||    68
         Skin              |       |       |       |    12 ||    12
  Dodge: Dodged            |   124 |   143 |   298 |   124 ||   689
         Repelled          |       |       |     4 |     3 ||     7

Table legend: (Time is in decaauts)
 A = Elapsed time spent in this place.
 B = Non-inter-level travel time spent in this place.
 C = Inter-level travel time spent in this place.
 D = Time resting spent in this place.
 E = Time spent auto-exploring this place.
 F = Levels seen in this place.
 G = Mean time per level.
                   A        B        C        D        E       F      G
               +--------+--------+--------+--------+--------+-----+--------+
         Total |  11974 |  10926 |   1048 |   2945 |   6067 |  12 |  997.8 |
       Dungeon |  11555 |  10522 |   1033 |   2876 |   5868 |  10 | 1155.5 |
        Temple |     57 |     42 |     15 |      0 |      0 |   1 |   57.0 |
        Bailey |    362 |    362 |      0 |     69 |    198 |   1 |  362.0 |
               +--------+--------+--------+--------+--------+-----+--------+

Top non-repeatable levels by time:
     D:7: 2058 daAuts
     D:1: 1423 daAuts
     D:2: 1322 daAuts
     D:5: 1292 daAuts
     D:8: 1249 daAuts
     D:4: 1004 daAuts
     D:3: 959 daAuts
     D:6: 815 daAuts
     D:9: 792 daAuts
    D:10: 637 daAuts
  Bailey: 362 daAuts
  Temple: 57 daAuts
